 Dungeon Crawl Stone Soup version 0.32-a0-576-g706899e69d (webtiles) character file.

Game seed: 8454404585382397904

269 Dittersdorf the Covered (level 6, -4/39 HPs)
             Began as a Gargoyle Fighter on Mar 1, 2024.
             Incinerated by a bombardier beetle (6 damage)
             ... with a burning spray
             ... on level 4 of the Dungeon.
             The game lasted 00:02:27 (2953 turns).

Dittersdorf the Covered (Gargoyle Fighter)          Turns: 2953, Time: 00:02:27

Health: -4/39      AC: 15    Str: 21    XL:     6   Next: 22%
Magic:  6/6        EV:  8    Int:  9    God:
Gold:   218        SH:  4    Dex:  9    Spells: 5/5 levels left

rFire   . . .        a - +0 flail
rCold   . . .        c - +0 buckler
rNeg    + . .        r - +0 chain mail
rPois   ∞            (no helmet)
rElec   +            (no cloak)
rCorr   .            o - +0 pair of gloves
SInv    +            (no boots)
Will    .....        l - amulet of regeneration Stlth
                     p - ring of see invisible
HPRegen 1.06/turn    (no ring)
MPRegen 0.10/turn

%: no passive effects
@: on fire, glowing
A: sickness immunity, AC +4, negative energy resistance 1, electricity
resistance, torment resistance 1, petrification resistance
a: no special abilities


You were on level 4 of the Dungeon.
You visited 1 branch of the dungeon, and saw 4 of its levels.

You collected 218 gold pieces.

Inventory:

Hand Weapons
 a - a +0 flail (weapon)
Armour
 c - a +0 buckler (worn)
 o - a +0 pair of gloves (worn)
 r - a +0 chain mail (worn)
Jewellery
 l - an amulet of regeneration (around neck)
 p - a ring of see invisible (left hand)
Scrolls
 b - a scroll of noise {unknown}
 e - 3 scrolls of teleportation {unknown}
 f - 2 scrolls of acquirement {unknown}
 g - 2 scrolls of vulnerability {unknown}
 h - a scroll of immolation {unknown}
 i - 3 scrolls of identify
 k - 2 scrolls of revelation {unknown}
 n - a scroll of enchant weapon {unknown}
 q - a scroll of poison {unknown}
Potions
 d - 2 potions of might
 j - a potion of heal wounds
 m - a potion of curing {unknown}


   Skills:
 + Level 4.6 Fighting
 + Level 3.5 Maces & Flails
 + Level 4.7 Armour
 + Level 4.6 Shields


You had 5 spell levels left.
You didn't know any spells.
Your spell library contained the following spells:

 Spells                   Type           Power      Damage    Failure   Level
 Inner Flame              Hex/Fire       0%         N/A       100%        3
 Flame Wave               Conj/Fire      0%         2d4       100%        4
 Sticky Flame             Fire/Alch      0%         2d4       100%        4


Dungeon Overview and Level Annotations

Branches:
Dungeon (4/15)
 Temple: D:4-7

Altars:
Nemelex Xobeh

Shops:
D:3 *


Innate Abilities, Weirdness & Mutations

You are immune to sickness and miasma.
Your stone body is resilient. (AC +4)
You are immune to poison.
You resist negative energy. (rN+)
You are resistant to electric shocks. (rElec)
You are resistant to unholy torment.
You are immune to petrification.


Message History

You barely miss the bombardier beetle.
The bombardier beetle is almost dead.
The liquid fire burns you! The bombardier beetle bites you.
You barely miss the bombardier beetle.
The bombardier beetle is almost dead.
The liquid fire burns you!
The bombardier beetle sprays incendiary fluid at you.
The burning spray hits you.
You are even more covered in liquid fire!
You closely miss the bombardier beetle.
The bombardier beetle is almost dead.
The liquid fire burns you!
You barely miss the bombardier beetle.
The bombardier beetle is almost dead.
The liquid fire burns you!
You block the bombardier beetle's attack.
You hit the bombardier beetle but do no damage.
The bombardier beetle is almost dead.
The liquid fire burns you!
* * * LOW HITPOINT WARNING * * *
The bombardier beetle sprays incendiary fluid at you.
The burning spray hits you.
You are even more covered in liquid fire!
You hit the bombardier beetle.
You kill the bombardier beetle!
The liquid fire burns you!
* * * LOW HITPOINT WARNING * * *
You shake off some of the fire as you move.
The liquid fire burns you!
* * * LOW HITPOINT WARNING * * *
You shake off some of the fire as you move.
The liquid fire burns you!
* * * LOW HITPOINT WARNING * * *
You shake off some of the fire as you move.
The liquid fire burns you!
* * * LOW HITPOINT WARNING * * *
You shake off some of the fire as you move.
The liquid fire burns you!
You die...

#.## #.#.#.##.....#.##.#
....#+#.#<#.#........#.#
#########...#.#.###.#.....#'## .
#.#.#.#.#....'#.#.##.#.#.......
.#.#.#.#$#.#...#.#.###...'.......
#.#.#$#[#.#.....#.#[.....#.......
.#B#.#.#.#.#.#.#.#.#####.##'#..#.
#g#.#.#.#.#.#.#.#.#+####.####..#.
.#o#.#.#.#.#.#.#@......#.......#.
#.#.#.#.#.#.#.#.#.....(#...###.##
.#.#.#.....#.#.#.†.............#
#.#.#.#...#.#.#................#
.#.#+#+....(...................#
#....[............#####........#
#........[....#...# .........#
#........†###...### .#.......##
#.......#.# ###.# .#....!..#


There were no monsters in sight!

Vanquished Creatures
  An ogre (D:4)
  A jelly (D:4)
  2 bombardier beetles
  An adder (D:3)
  A shadow imp (D:3)
  2 dart slugs
  4 ribbon worms
  3 orcs
  8 endoplasms
  2 giant cockroaches (D:3)
  5 goblins
  4 hobgoblins
  9 jackals
  3 quokkas
  3 ball pythons
  6 bats
  3 frilled lizards (D:2)
  2 kobolds (D:3)
  3 rats (D:1)
63 creatures vanquished.

Notes
Turn   | Place    | Note
-------+----------+-------------------------------------------
     0 | D:1      | Dittersdorf the Gargoyle Fighter began the quest for the
                  | Orb.
     0 | D:1      | Reached XP level 1. HP: 14/14 MP: 1/1
   187 | D:1      | Reached XP level 2. HP: 19/19 MP: 2/2
   692 | D:1      | Reached XP level 3. HP: 23/23 MP: 3/3
   998 | D:1      | Found a faded altar of an unknown god.
  1766 | D:3      | Found Erha's Assorted Antiques.
  1814 | D:3      | Found a sparkling altar of Nemelex Xobeh.
  2024 | D:3      | Reached XP level 4. HP: 29/29 MP: 4/4
  2724 | D:4      | Reached XP level 5. HP: 31/33 MP: 5/5
  2887 | D:4      | Noticed an ogre
  2893 | D:4      | Killed an ogre
  2894 | D:4      | Reached XP level 6. HP: 19/39 MP: 6/6
  2952 | D:4      | HP: 1/39 [burnt (3)]
  2953 | D:4      | Incinerated by a bombardier beetle

Illustrated notes

Levels and vault maps discovered:
D:1:      co_arrival_random_square_maze, layout_basic,
          hellmonk_ecumenical_altar_dog_temple, nicolae_twisty_statue_hallways
D:2:      layout_basic
D:3:      layout_loops_ring, mainiacjoe_overflow_brackets,
          serial_co_window_serial, co_window_paths_a, co_window_paths_b,
          co_window_of_opportunity_a, co_window_paths_a,
          co_window_of_opportunity_a, co_window_corner_a, co_window_corner_a,
          co_window_corner_ca, co_window_of_opportunity_b,
          co_window_of_opportunity_c, co_window_unsneaky_path_a,
          co_window_unsneaky_path_a, co_window_paths_e, glass_columns_a,
          glass_columns_c, glass_columns_b, glass_columns_b, glass_columns_a,
          serial_shops, shop
D:4:      layout_basic, serial_curves, eino_curves_01, eino_curves_04,
          hangedman_minor_gate_pass

Skill      XL: |  1  2  3  4 |
---------------+-------------+-----
Armour         | 4 |  4.7
Fighting       | 4 |  4.6
Shields        | 4 |  4.6
Maces & Flails | 3 |  3.5

Action                     |  1- 3 |  4- 6 || total
---------------------------+-------+-------++-------
  Melee: Flail             |   146 |    85 ||   231
    Use: Scroll            |       |     3 ||     3
 Armour: Scale mail        |   119 |    11 ||   130
         Chain mail        |       |    70 ||    70
  Dodge: Dodged            |    80 |    51 ||   131
  Block: Buckler           |    24 |    32 ||    56

Table legend: (Time is in decaauts)
 A = Elapsed time spent in this place.
 B = Non-inter-level travel time spent in this place.
 C = Inter-level travel time spent in this place.
 D = Time resting spent in this place.
 E = Time spent auto-exploring this place.
 F = Levels seen in this place.
 G = Mean time per level.
                   A        B        C        D        E       F      G
               +--------+--------+--------+--------+--------+-----+--------+
         Total |   3025 |   2964 |     61 |     56 |   2338 |   4 |  756.2 |
       Dungeon |   3025 |   2964 |     61 |     56 |   2338 |   4 |  756.2 |
               +--------+--------+--------+--------+--------+-----+--------+

Top non-repeatable levels by time:
     D:1: 1122 daAuts
     D:3: 1080 daAuts
     D:2: 586 daAuts
     D:4: 236 daAuts
